 Dungeon Sprint DCSS version 0.19.0 (webtiles) character file.

2967 LORDOFBUTT the Imperceptible (level 9, -8/41 HPs)
             Began as a Spriggan Assassin on Nov 2, 2016.
             Was a Follower of Dithmenos.
             Killed by an exploding ballistomycete spore (28 damage)
             ... in the Dungeon (Sprint I: "Red Sonja").
             The game lasted 00:02:02 (247 turns).

LORDOFBUTT the Imperceptible (Spriggan Assassin)     Turns: 247, Time: 00:02:03

Health: -8/41      AC:  3    Str:  8    XL:     9   Next: 52%
Magic:  10/10      EV: 17    Int: 12    God:    Dithmenos [*.....]
Gold:   566        SH:  0    Dex: 20    Spells: 0 memorised, 8 levels left

rFire  . . .     SeeInvis +     b - +0 blowgun
rCold  . . .     Gourm    .     c - +0 robe
rNeg   . . .     Faith    .     (shield restricted)
rPois  .         Spirit   .     (helmet restricted)
rElec  .         Reflect  .     d - +0 cloak
rCorr  +         Harm     .     (gloves unavailable)
MR     +....     NoTele   +     (boots unavailable)
Stlth  ++++......               (no amulet)
                                (no ring)
                                n - ring of resist corrosion

@: confused, wreathed by umbra, very quick
A: unfitting armour, see invisible, herbivore 3, speed 3, slow metabolism 2
a: Renounce Religion


You were in the Dungeon.
You worshipped Dithmenos.
Dithmenos was aware of your devotion.
You were not hungry.

You visited 1 branch You collected 566 gold pieces.

Inventory:

Hand Weapons
 a - a +2 dagger
 b - a +0 blowgun (weapon)
 p - a +0 short sword of distortion
Missiles
 e - 8 poisoned needles
 f - 7 curare-tipped needles (quivered)
Armour
 c - a +0 robe (worn)
 d - a +0 cloak (worn)
Jewellery
 n - a ring of resist corrosion (left hand)
Scrolls
 m - a scroll of blinking
 o - a scroll of enchant weapon {unknown}
 q - a scroll of identify {unknown}
Potions
 i - a potion of heal wounds
 j - a potion of haste
 k - 2 potions of magic
 l - a potion of berserk rage
 s - a potion of flight {unknown}
Comestibles
 g - a bread ration
 r - a royal jelly


   Skills:
 - Level 1.5 Fighting
 + Level 16.3 Short Blades
 - Level 2.0 Throwing
 - Level 1.5 Dodging
 + Level 21.9 Stealth


You had 8 spell levels left.
You didn't know any spells.

Dungeon Overview and Level Annotations

Branches:
Dungeon (1/1)

Altars:
Cheibriados
Dithmenos
Elyvilon
Fedhas
Gozag
Hepliaklqana
Kikubaaqudgha
Makhleb
Nemelex Xobeh
Okawaru
Qazlal
Ru
Sif Muna
Trog
Uskayaw
Vehumet
Xom
Yredelemnul
Zin
The Shining One
Jiyva
Lugonu

Shops:
D *


Innate Abilities, Weirdness & Mutations

You are very small and have problems with some larger weapons.
You are too small for most types of armour.
You have supernaturally acute eyesight. (SInv)
You are a herbivore.
You cover ground extremely quickly.
You need consume almost no food.


Message History

Space warps crazily around you!
You are confused.
b - a +0 blowgun (weapon)
There are monsters nearby!
The ballistomycete spore waves its rhizomes.
You're too confused!
A ballistomycete grows in the wake of the ballistomycete spore.
There is an open door here.
You feel better.
A ballistomycete grows in the wake of the ballistomycete spore.
The ballistomycete spore explodes!
The explosion of spores engulfs the ballistomycete spore.
The ballistomycete spore explodes!
The explosion of spores engulfs the ballistomycete. x2
The explosion of spores engulfs you!
You are confused.
The explosion of spores engulfs you!
You are more confused.
Ouch! That really hurt!
You die...

#<.#.)'..#.)'..#__#
#..'..#.)'..#..'..+
#..#####'#####'#__####
#..####..#...#.####§§#
#..#__####..##.#≈§§§§#
#..#_____##'#..§≈§§§§+
#⌠⌠#_.∩...'...§#≈§≈§)#
####_..__##_.#'##+####
#_____###@#.#....#
#########.####'###
+.P.'..†..+
#.P.####### ##.## #'#
#$!$!$# #$[$[$#
#######


You could see an active ballistomycete (unaware).

Vanquished Creatures
  2 centaur warriors (D)
  Sonja (D)
  A deep troll (D)
  A slime creature (D)
  Sigmund (D)
  A yak (D)
  An ogre (D)
  A jelly (D)
  Ijyb (D)
10 creatures vanquished.

Vanquished Creatures (others)
  A ballistomycete spore (D)
1 creature vanquished.

Grand Total: 11 creatures vanquished

Notes
Turn   | Place    | Note
-------+----------+-------------------------------------------
     0 | D        | LORDOFBUTT the Spriggan Assassin began the quest for the Orb.
     0 | D        | Reached XP level 1. HP: 10/10 MP: 2/2
     1 | D        | Noticed Ijyb
     4 | D        | Killed Ijyb
     4 | D        | Reached skill level 8 in Stealth
     4 | D        | Reached XP level 2. HP: 14/14 MP: 3/3
     6 | D        | Noticed an ogre
     9 | D        | Killed an ogre
     9 | D        | Reached skill level 11 in Stealth
     9 | D        | Reached XP level 3. HP: 18/18 MP: 4/4
     9 | D        | Reached XP level 4. HP: 22/22 MP: 5/5
    20 | D        | Noticed Sigmund
    23 | D        | Killed Sigmund
    23 | D        | Reached skill level 13 in Stealth
    23 | D        | Reached XP level 5. HP: 25/25 MP: 6/6
    35 | D        | Found a deep blue altar of Sif Muna.
    37 | D        | Found a radiant altar of Vehumet.
    41 | D        | Reached skill level 10 in Short Blades
    41 | D        | Reached skill level 14 in Stealth
    41 | D        | Reached XP level 6. HP: 30/30 MP: 7/7
    56 | D        | Found Fuypp's Assorted Antiques.
    56 | D        | Found an ancient bone altar of Kikubaaqudgha.
    56 | D        | Found a hazy altar of Hepliaklqana.
    56 | D        | Found a stormy altar of Qazlal.
    56 | D        | Found a hide-covered altar of Uskayaw.
    56 | D        | Found a blossoming altar of Fedhas.
    56 | D        | Found a bloodstained altar of Trog.
    56 | D        | Found an iron altar of Okawaru.
    56 | D        | Found a basalt altar of Yredelemnul.
    56 | D        | Found a glowing golden altar of the Shining One.
    56 | D        | Found a snail-covered altar of Cheibriados.
    56 | D        | Found a sacrificial altar of Ru.
    56 | D        | Found a glowing silver altar of Zin.
    56 | D        | Found a shadowy altar of Dithmenos.
    56 | D        | Found a white marble altar of Elyvilon.
    56 | D        | Noticed a yak
    57 | D        | Found an opulent altar of Gozag.
    78 | D        | Killed a yak
    78 | D        | Reached skill level 15 in Stealth
    84 | D        | Found a sparkling altar of Nemelex Xobeh.
    91 | D        | Became a worshipper of Dithmenos the Shadowed
   116 | D        | Noticed Sonja
   120 | D        | Killed Sonja
   120 | D        | Reached skill level 18 in Stealth
   120 | D        | Reached XP level 7. HP: 26/33 MP: 8/8
   149 | D        | Found a burning altar of Makhleb.
   149 | D        | Found a viscous altar of Jiyva.
   149 | D        | Found a shimmering altar of Xom.
   149 | D        | Found a corrupted altar of Lugonu.
   149 | D        | Noticed a slime creature
   152 | D        | Killed a slime creature
   152 | D        | Reached XP level 8. HP: 32/37 MP: 9/9
   164 | D        | Noticed a centaur warrior
   166 | D        | Noticed a centaur warrior
   169 | D        | Killed a centaur warrior
   169 | D        | Reached * piety under Dithmenos
   169 | D        | Reached skill level 20 in Stealth
   170 | D        | Killed a centaur warrior
   170 | D        | Reached skill level 15 in Short Blades
   170 | D        | Reached skill level 21 in Stealth
   170 | D        | Reached XP level 9. HP: 37/41 MP: 10/10
   196 | D        | Noticed a deep troll
   200 | D        | Killed a deep troll
   247 | D        | Killed by an exploding ballistomycete spore

Skill      XL: |  1  2  3  4  5  6  7  8  9 |
---------------+----------------------------+-----
Short Blades   | 4 7 9 10 13 15 16 | 16.3
Stealth        | 8 11 13 14 18 21 | 21.9
Fighting       | |  1.5
Throwing       | |  2.0
Dodging        | |  1.5

Action                   |  1- 3 |  4- 6 |  7- 9 || total
-------------------------+-------+-------+-------++-------
Melee: Dagger            |     2 |    16 |       ||    18
       Short sword       |       |       |     4 ||     4
 Fire: Blowgun           |       |     1 |       ||     1
  Use: Potion            |       |       |     1 ||     1
 Stab: Sleeping          |     2 |     3 |     4 ||     9
Dodge: Dodged            |       |     4 |       ||     4
